 Dungeon Crawl Stone Soup version 0.29-a0-914-g906f1d757c (webtiles) character file.

Game seed: 8415954271248164041

5587 pibmaclean the Trooper (level 11, -6/68 HPs)
             Began as a Kobold Berserker on July 25, 2022.
             Was a Believer of Trog.
             Mangled by a two-headed ogre
             ... wielding a +0 giant spiked club
              (33 damage)
             ... on level 9 of the Dungeon on July 26, 2022.
             The game lasted 00:30:40 (16147 turns).

pibmaclean the Trooper (Kobold Berserker)          Turns: 16147, Time: 00:30:41

Health: -6/68      AC: 10    Str: 14      XL:     11   Next: 2%
Magic:  23/23      EV: 16    Int:  8 (9)  God:    Trog [**....]
Gold:   433        SH:  7    Dex: 16 (19) Spells: 10/10 levels left

rFire   + . .      SeeInvis .   s - +2 short sword (protect)
rCold   . . .      Faith    .   c - +1 buckler
rNeg    . . .      Spirit   .   y - +3 leather armour
rPois   .          Reflect  .   (no helmet)
rElec   .          Harm     .   m - +0 cloak
rCorr   .          Rampage  .   j - +0 pair of gloves
Will    .....                   d - +0 pair of boots
Stlth   ++++......              (no amulet)
HPRegen 0.21/turn               g - ring of protection from fire
MPRegen 0.18/turn               h - ring of magical power

@: on berserk cooldown, slowed, very slow
A: small, no large weapons, nightstalker 3
a: Renounce Religion, Berserk, Trog's Hand


You were on level 9 of the Dungeon.
You worshipped Trog.
Trog was pleased with you.
You visited 1 branch of the dungeon, and saw 9 of its levels.

You collected 433 gold pieces.

Inventory:

Hand Weapons
 a - a +0 short sword
 k - a +0 dagger
 n - a +2 dagger of venom
 p - a +2 short sword of holy wrath
 r - a +0 rapier
 s - a +2 short sword of protection (weapon)
 J - a +2 dagger of venom
Missiles
 e - 20 poisoned darts
 l - 109 stones
 x - 3 throwing nets
 G - 2 curare-tipped darts (quivered)
 K - 6 boomerangs
Armour
 c - a +1 buckler (worn)
 d - a +0 pair of boots (worn)
 j - a +0 pair of gloves (worn)
 m - a +0 cloak (worn)
 q - a +0 ring mail
 y - a +3 leather armour (worn)
 H - a +0 kite shield
Jewellery
 g - a ring of protection from fire (left hand)
 h - a ring of magical power (right hand)
 t - a ring of magical power
Wands
 o - a wand of digging (8)
Scrolls
 b - a scroll of identify
 i - 3 scrolls of magic mapping
 C - 2 scrolls of fear
 D - 2 scrolls of blinking
 F - a scroll of silence
Potions
 f - 2 potions of curing
 u - a potion of mutation {unknown}
 w - a potion of attraction
 E - a potion of flight
 I - a potion of berserk rage


   Skills:
 * Level 7.8 Fighting
 + Level 7.4 Short Blades
 - Level 3.8 Throwing
 * Level 5.6 Armour
 + Level 5.8 Dodging
 + Level 6.5 Stealth
 * Level 5.2 Shields
 + Level 4.8 Invocations
 + Level 5.2 Evocations


You had 10 spell levels left.
You didn't know any spells.
Your spell library was empty.

Dungeon Overview and Level Annotations

Branches:
Dungeon (9/15)             Temple (0/1) D:4            Lair (0/5) D:9
    Orc: D:9-12

Altars:
Dithmenos
Fedhas
Gozag
Nemelex Xobeh
Sif Muna
Trog
Uskayaw
Wu Jian
Xom
Zin

Shops:
D:5 [


Innate Abilities, Weirdness & Mutations

You are small and have problems with some larger weapons.
You are completely attuned to the shadows.


Message History

The troll is heavily wounded.
You puncture the troll!
The troll is severely wounded.
The troll closely misses you.
The troll claws you but does no damage. x2
A two-headed ogre comes into view.
It is wielding a +0 giant spiked club and a +0 giant club.
You hit the troll but do no damage.
The troll is severely wounded.
You hit the troll.
The troll is severely wounded.
The troll closely misses you. You block the troll's attack.
The troll claws you.
You hit the troll.
The troll is severely wounded.
You hit the troll.
The troll is almost dead.
The troll bites you but does no damage. The troll barely misses you.
The troll misses you.
You puncture the troll!
You feel the power of Trog in you as your rage grows.
You kill the troll!
Trog accepts your kill.
You feel your intelligence returning.
You have reached level 11!
You feel a strong urge to attack something.
You are no longer berserk.
You are exhausted.
You feel yourself slow down.
Okay, then.
Unknown command.
You see here a +0 giant club.
Okay, then.
Okay, then.
Okay, then.
Okay, then.
You are no longer corroded.
The two-headed ogre attacks as you move away!
The two-headed ogre completely misses you.
The two-headed ogre closely misses you.
The two-headed ogre hits you with a +0 giant spiked club!!
You die...

#.. #..# #..##
##...##
##.....## #.
##.......#####
#.
#.............
#.
#.........####
#.####.........#
#.@O.).........#
########..[..#.#
##...##.# ......
....### ######


You could see a two-headed ogre.

Vanquished Creatures
  The ghost of Zebulonius the Cleaver, a novice MiFi (D:5)
  2 trolls
  Sigmund (D:3)
  Edmund (D:4)
  An acid dragon (D:9)
  2 water moccasins
  3 ice beasts
  A black bear (D:7)
  5 orc warriors
  4 centaurs
  A phantom (D:5)
  3 kobold brigands
  2 bullfrogs
  3 scorpions
  A gnoll sergeant (D:8)
  6 wights
  10 killer bees (D:9)
  6 howler monkeys
  9 orc priests
  5 hounds
  5 jellies
  Jessica (D:3)
  Natasha (thrice) (D:4)
  7 iguanas
  8 orc wizards
  14 gnolls
  8 adders
  A shadow imp (D:5)
  An ufetubus (D:6)
  4 dart slugs
  42 orcs
  16 endoplasms
  6 giant cockroaches
  6 hobgoblins
  2 jackals (D:4)
  3 quokkas (D:2)
  10 ball pythons
  7 bats
  2 frilled lizards
  9 goblins
  29 kobolds
  4 rats
255 creatures vanquished.

Vanquished Creatures (others)
  12 toadstools (D:2)
12 creatures vanquished.

Grand Total: 267 creatures vanquished

Notes
Turn   | Place    | Note
-------+----------+-------------------------------------------
     0 | D:1      | pibmaclean the Kobold Berserker began the quest for the
                  | Orb.
     0 | D:1      | Reached XP level 1. HP: 14/14 MP: 1/1
   346 | D:1      | Reached XP level 2. HP: 17/19 MP: 2/2
   935 | D:1      | Reached XP level 3. HP: 23/23 MP: 3/3
  1938 | D:2      | Reached ** piety under Trog
  2176 | D:2      | Reached XP level 4. HP: 29/29 MP: 4/4
  2984 | D:2      | Reached skill level 1 in Stealth
  2984 | D:2      | Reached skill level 1 in Shields
  2984 | D:2      | Reached skill level 1 in Invocations
  2984 | D:2      | Reached skill level 1 in Evocations
  3104 | D:2      | Reached XP level 5. HP: 33/33 MP: 5/5
  3244 | D:2      | Reached skill level 1 in Throwing
  3937 | D:3      | Noticed Sigmund
  3952 | D:3      | Killed Sigmund
  3953 | D:3      | Reached XP level 6. HP: 39/39 MP: 7/7
  4324 | D:3      | Noticed Jessica
  4336 | D:3      | Killed Jessica
  4892 | D:4      | Noticed Edmund
  4910 | D:4      | Killed Edmund
  4911 | D:4      | Reached XP level 7. HP: 43/44 MP: 8/8
  5040 | D:4      | Reached skill level 5 in Short Blades
  5624 | D:4      | Noticed Natasha
  5628 | D:4      | Killed Natasha
  5841 | D:4      | Found a staircase to the Ecumenical Temple.
  5925 | D:4      | Noticed Natasha
  5940 | D:4      | Killed Natasha
  5948 | D:4      | Noticed Natasha
  5954 | D:4      | Killed Natasha
  5955 | D:4      | Reached XP level 8. HP: 48/48 MP: 9/9
  6240 | D:4      | Reached *** piety under Trog
  6310 | D:4      | Reached skill level 5 in Fighting
  6838 | D:5      | Entered Level 5 of the Dungeon
  7767 | D:5      | Found Zaed's Armour Boutique.
  7898 | D:5      | Found a blossoming altar of Fedhas.
  8112 | D:5      | Reached XP level 9. HP: 45/54 MP: 11/11
  8317 | D:5      | Found an ornate altar of the Wu Jian Council.
  8368 | D:5      | Found a hide-covered altar of Uskayaw.
  8370 | D:5      | Found a glowing silver altar of Zin.
  8370 | D:5      | Found an opulent altar of Gozag.
  8371 | D:5      | Found a sparkling altar of Nemelex Xobeh.
  8381 | D:5      | Found a runed translucent gate.
  8382 | D:5      | Found a runed translucent gate.
  8383 | D:5      | Found a runed translucent gate.
  8388 | D:5      | Noticed Zebulonius's ghost (novice MiFi)
  8672 | D:5      | Killed Zebulonius's ghost
  9826 | D:6      | Noticed a troll
  9846 | D:6      | Killed a troll
 10004 | D:6      | Found a shadowy altar of Dithmenos.
 10632 | D:6      | Reached skill level 5 in Stealth
 11155 | D:7      | Reached XP level 10. HP: 61/61 MP: 12/12
 11246 | D:7      | Reached skill level 5 in Dodging
 11259 | D:7      | Found a shimmering blue altar of Sif Muna.
 11881 | D:8      | Reached skill level 5 in Armour
 12764 | D:8      | Found a shimmering altar of Xom.
 13380 | D:8      | Found a bloodstained altar of Trog.
 14891 | D:9      | Reached skill level 5 in Evocations
 14992 | D:9      | Reached skill level 5 in Shields
 15396 | D:9      | HP: 2/63 [orc warrior/+0 hand axe (12)]
 15826 | D:9      | Upgraded the game from 0.29-a0-911-g88e6f02907 to
                  | 0.29-a0-914-g906f1d757c
 16014 | D:9      | Found a staircase to the Lair.
 16135 | D:9      | Noticed a two-headed ogre
 16141 | D:9      | Reached XP level 11. HP: 38/68 MP: 14/14
 16147 | D:9      | Mangled by a two-headed ogre

Illustrated notes

Levels and vault maps discovered:
D:1:      lightli_arrival_statuegarden, layout_basic, st_stairs_6
D:2:      cheibrodos_fertilizer, layout_basic, hex_tiny, minmay_liquid_box
D:3:      layout_basic, nicolae_figureground_pulse, uniq_jessica, uniq_sigmund
D:4:      layout_gridville, minmay_temple_entry_ruins, saegor_snake_ambush,
          uniq_edmund, uniq_natasha
D:5:      nicolae_cairo_tiling_large_dashed, layout_rooms,
          nicolae_wu_jian_wuxing_cycle, mainiacjoe_overflow_alcove_1,
          chequers_temple_overflow_statue_of_worship, serial_shops,
          nicolae_shop_stone, ebering_ghost_rock_garden
D:6:      layout_loops_cross, mainiacjoe_overflow_brackets
D:7:      layout_cave_pools, nicolae_sif_muna_condensation,
          minmay_misc_feat_encased
D:8:      layout_cave_pods, trog_butcher_becter, brannock_xom_greatest_gift
D:9:      layout_loops_ring, chequers_temple_overflow_minitemple,
          lair_entry_dummy

Skill      XL: |  1  2  3  4  5  6  7  8  9 10 |
---------------+-------------------------------+-----
Armour         | 2 3 4 5 |  5.6
Stealth        | 1 2 3 5 6 |  6.5
Shields        | 1 2 3 4 5 |  5.2
Invocations    | 1 2 3 4 |  4.8
Evocations     | 1 2 3 4 5 |  5.2
Throwing       | 1 2 3 |  3.8
Fighting       | 4 5 6 7 |  7.8
Dodging        | 3 4 5 |  5.8
Short Blades   | 5 6 7 |  7.4

Action                   |  1- 3 |  4- 6 |  7- 9 | 10-12 || total
-------------------------+-------+-------+-------+-------++-------
Melee: Short sword       |   128 |   115 |   469 |   682 ||  1394
       Punch             |     2 |       |     5 |       ||     7
       Dagger            |       |       |       |     3 ||     3
Throw: Dart              |       |     2 |       |     4 ||     6
Invok: Berserk           |     2 |     4 |    11 |     6 ||    23
       Trog's Hand       |       |     1 |     7 |     8 ||    16
Evoke: Wand              |       |       |       |     2 ||     2
  Use: Scroll            |     3 |     6 |     4 |     4 ||    17
       Potion            |       |       |     3 |    10 ||    13
 Stab: Sleeping          |     4 |     8 |    16 |     3 ||    31
       Distracted        |     1 |       |       |     3 ||     4
Armor: Leather armour    |    34 |    10 |    57 |   209 ||   310
       Animal skin       |     2 |       |       |       ||     2
       Ring mail         |       |     7 |    73 |       ||    80
Dodge: Dodged            |    89 |    64 |   265 |   490 ||   908
Block: Buckler           |       |       |    64 |   280 ||   344

Table legend: (Time is in decaauts)
 A = Elapsed time spent in this place.
 B = Non-inter-level travel time spent in this place.
 C = Inter-level travel time spent in this place.
 D = Time resting spent in this place.
 E = Time spent auto-exploring this place.
 F = Levels seen in this place.
 G = Mean time per level.
                   A        B        C        D        E       F      G
               +--------+--------+--------+--------+--------+-----+--------+
         Total |  16129 |  16023 |    106 |   8380 |   4724 |   9 | 1792.1 |
       Dungeon |  16129 |  16023 |    106 |   8380 |   4724 |   9 | 1792.1 |
               +--------+--------+--------+--------+--------+-----+--------+

Top non-repeatable levels by time:
     D:8: 2788 daAuts
     D:4: 2768 daAuts
     D:2: 2351 daAuts
     D:5: 1858 daAuts
     D:6: 1758 daAuts
     D:9: 1584 daAuts
     D:1: 1244 daAuts
     D:3: 1077 daAuts
     D:7: 698 daAuts
